General information
- name: BNet
- type: Ladder 1vs1/FFA
- host: Battle.net
- saver: BEAR_AND
map: GnollWood
- players: 2
- length: 71:01
- speed: Fast
- version: 1.26 W3XP
- replay type:

» download(215 KB)
Players
team 1 (winner)
BEAR_AND (
blue | 106 APM | 7516 actions | 71:01)
5 Mountain King
3 Storm Bolt
2 Bash
5 Paladin
3 Holy Light
2 Divine Shield
5 Blood Mage
3 Banish
2 Flame Strike
» actions
| Assign group hotkey | 23 | |
| Basic commands | 35 | |
| Build / train | 187 | |
| Enter build submenu | 85 | |
| Enter hero's abilities submenu | 15 | |
| Give item / drop item | 8 | |
| Remove unit from queue | 2 | |
| Right click | 4306 | |
| Select / deselect | 932 | |
| Select group hotkey | 1360 | |
| Use ability | 562 | |
7516 total
» units
| Peasant | 17 | |
| Priest | 2 | |
| Dragonhawk Rider | 4 | |
| Sorceress | 1 | |
24 total
» upgrades
| Masonry | 3 | |
| Magic Sentry | 1 | |
| Lumber Harvesting | 2 | |
| Animal War Training | 1 | |
| Priest Training | 2 | |
| Swords | 3 | |
| Armor | 3 | |
| Sorceress Training | 2 | |
| Cloud | 1 | |
18 total
» buildings
| Altar of Kings | 1 | |
| Farm | 10 | |
| Lumber Mill | 1 | |
| Arcane Vault | 2 | |
| Scout Tower | 201 | |
| Arcane Tower | 11 | |
| Guard Tower | 76 | |
| Keep | 4 | |
| Blacksmith | 1 | |
| Barracks | 1 | |
| Arcane Sanctum | 1 | |
| Castle | 1 | |
| Town Hall | 3 | |
| Gryphon Aviary | 2 | |
315 total
» build order
00:10 Altar of Kings
00:20 Farm
00:26 Farm
00:35 Lumber Mill
01:04 Arcane Vault
01:12 Scout Tower
01:13 Scout Tower
02:03 Arcane Tower
02:03 Arcane Tower
02:12 Scout Tower
02:13 Scout Tower
02:14 Scout Tower
03:13 Guard Tower
03:13 Guard Tower
03:48 Guard Tower
04:15 Guard Tower
04:52 Keep
04:52 Keep
04:52 Keep
05:00 Scout Tower
05:01 Scout Tower
05:07 Farm
05:25 Farm
05:27 Farm
05:44 Guard Tower
05:47 Scout Tower
05:48 Scout Tower
06:21 Guard Tower
06:23 Guard Tower
06:27 Blacksmith
06:33 Barracks
06:45 Farm
06:46 Farm
07:25 Guard Tower
08:04 Arcane Sanctum
08:54 Scout Tower
08:56 Scout Tower
08:57 Scout Tower
08:57 Scout Tower
08:58 Scout Tower
09:54 Guard Tower
09:56 Castle
10:07 Town Hall
10:10 Scout Tower
10:11 Scout Tower
10:12 Scout Tower
10:16 Scout Tower
10:18 Scout Tower
10:41 Arcane Tower
10:42 Guard Tower
10:42 Guard Tower
10:49 Guard Tower
10:58 Guard Tower
11:01 Scout Tower
11:21 Guard Tower
11:54 Guard Tower
11:56 Scout Tower
11:58 Scout Tower
11:58 Scout Tower
11:59 Scout Tower
12:00 Scout Tower
12:12 Gryphon Aviary
12:27 Guard Tower
13:53 Guard Tower
13:57 Scout Tower
13:58 Scout Tower
13:59 Scout Tower
14:35 Guard Tower
14:39 Scout Tower
14:39 Scout Tower
14:40 Scout Tower
14:40 Scout Tower
15:46 Guard Tower
15:46 Guard Tower
15:50 Scout Tower
15:51 Scout Tower
15:52 Scout Tower
15:52 Scout Tower
15:53 Scout Tower
15:57 Gryphon Aviary
16:45 Guard Tower
18:42 Arcane Vault
18:44 Guard Tower
19:12 Arcane Tower
22:08 Town Hall
22:13 Scout Tower
22:13 Scout Tower
22:14 Scout Tower
22:14 Scout Tower
22:15 Scout Tower
22:15 Scout Tower
22:16 Scout Tower
22:16 Scout Tower
22:17 Scout Tower
22:18 Scout Tower
22:18 Scout Tower
22:19 Scout Tower
22:19 Scout Tower
22:20 Scout Tower
22:21 Scout Tower
22:43 Arcane Tower
22:43 Guard Tower
23:40 Guard Tower
24:26 Guard Tower
24:46 Guard Tower
24:49 Scout Tower
24:49 Scout Tower
24:50 Scout Tower
24:50 Scout Tower
24:52 Scout Tower
24:53 Scout Tower
24:54 Scout Tower
24:55 Scout Tower
24:56 Scout Tower
24:57 Scout Tower
25:03 Scout Tower
25:04 Scout Tower
25:06 Scout Tower
25:07 Scout Tower
25:08 Scout Tower
25:10 Scout Tower
25:10 Scout Tower
25:11 Scout Tower
25:59 Scout Tower
25:59 Scout Tower
26:00 Scout Tower
26:01 Scout Tower
26:02 Scout Tower
26:09 Guard Tower
26:50 Guard Tower
27:32 Guard Tower
27:55 Guard Tower
28:07 Guard Tower
28:14 Scout Tower
28:28 Guard Tower
29:25 Guard Tower
29:28 Scout Tower
29:29 Scout Tower
29:35 Guard Tower
30:01 Guard Tower
30:23 Guard Tower
30:26 Scout Tower
30:27 Scout Tower
30:28 Scout Tower
31:40 Guard Tower
31:45 Guard Tower
32:52 Town Hall
32:55 Scout Tower
32:56 Scout Tower
32:56 Scout Tower
32:57 Scout Tower
32:57 Scout Tower
32:58 Scout Tower
32:58 Scout Tower
32:59 Scout Tower
32:59 Scout Tower
33:00 Scout Tower
33:00 Scout Tower
33:01 Scout Tower
33:01 Scout Tower
33:02 Scout Tower
33:02 Scout Tower
33:03 Scout Tower
33:04 Scout Tower
33:32 Arcane Tower
33:32 Guard Tower
33:34 Scout Tower
33:35 Scout Tower
33:35 Scout Tower
33:36 Scout Tower
33:36 Scout Tower
33:37 Scout Tower
33:38 Scout Tower
33:38 Scout Tower
34:23 Guard Tower
35:24 Guard Tower
35:25 Scout Tower
35:25 Scout Tower
35:26 Scout Tower
35:27 Scout Tower
35:45 Guard Tower
35:49 Scout Tower
35:50 Scout Tower
35:50 Scout Tower
35:52 Scout Tower
35:52 Scout Tower
35:53 Scout Tower
36:53 Guard Tower
37:01 Arcane Tower
37:02 Scout Tower
37:32 Arcane Tower
37:35 Scout Tower
37:36 Scout Tower
37:37 Scout Tower
37:38 Scout Tower
37:46 Scout Tower
37:47 Scout Tower
37:47 Scout Tower
37:48 Scout Tower
37:49 Scout Tower
37:49 Scout Tower
37:53 Farm
37:54 Farm
37:55 Farm
38:24 Guard Tower
40:08 Guard Tower
40:10 Scout Tower
40:11 Scout Tower
40:12 Scout Tower
40:13 Scout Tower
40:14 Scout Tower
40:15 Scout Tower
40:16 Scout Tower
40:16 Scout Tower
40:36 Scout Tower
40:36 Scout Tower
40:37 Scout Tower
40:37 Scout Tower
40:38 Scout Tower
40:39 Scout Tower
40:49 Guard Tower
40:52 Scout Tower
40:54 Scout Tower
40:55 Scout Tower
41:47 Guard Tower
42:13 Arcane Tower
42:39 Guard Tower
42:42 Arcane Tower
42:52 Arcane Tower
43:23 Guard Tower
43:56 Guard Tower
47:06 Scout Tower
47:07 Scout Tower
47:23 Scout Tower
48:00 Guard Tower
48:01 Scout Tower
48:02 Scout Tower
48:08 Scout Tower
48:08 Scout Tower
48:09 Scout Tower
48:48 Guard Tower
48:52 Scout Tower
48:53 Scout Tower
48:55 Scout Tower
48:55 Scout Tower
48:56 Scout Tower
49:15 Guard Tower
49:42 Guard Tower
49:46 Guard Tower
49:46 Guard Tower
50:42 Guard Tower
51:15 Guard Tower
55:24 Scout Tower
55:24 Scout Tower
55:25 Scout Tower
55:26 Scout Tower
55:26 Scout Tower
55:27 Scout Tower
55:28 Scout Tower
55:29 Scout Tower
55:30 Scout Tower
55:30 Scout Tower
55:32 Scout Tower
55:33 Scout Tower
55:34 Scout Tower
55:35 Scout Tower
55:36 Scout Tower
55:48 Scout Tower
55:49 Scout Tower
55:50 Scout Tower
55:51 Scout Tower
55:51 Scout Tower
55:52 Scout Tower
56:35 Guard Tower
56:52 Guard Tower
56:58 Guard Tower
57:15 Guard Tower
57:20 Guard Tower
57:20 Guard Tower
57:25 Scout Tower
57:26 Scout Tower
57:27 Scout Tower
57:28 Scout Tower
57:29 Scout Tower
57:29 Scout Tower
57:30 Scout Tower
57:31 Scout Tower
57:31 Scout Tower
57:33 Scout Tower
57:34 Scout Tower
57:34 Scout Tower
57:36 Scout Tower
57:36 Scout Tower
57:37 Scout Tower
58:07 Guard Tower
58:08 Guard Tower
58:15 Guard Tower
58:18 Guard Tower
58:21 Guard Tower
58:25 Scout Tower
58:28 Guard Tower
58:57 Guard Tower
59:21 Guard Tower
59:26 Scout Tower
59:27 Scout Tower
59:29 Scout Tower
59:30 Scout Tower
59:46 Scout Tower
59:47 Scout Tower
59:47 Scout Tower
60:01 Guard Tower
60:01 Guard Tower
61:18 Guard Tower
» items
| Scroll of Regeneration | 4 | |
| Lesser Clarity Potion | 4 | |
| Boots of Speed | 3 | |
| Staff of Teleportation | 3 | |
| Potion of Healing | 1 | |
| Staff of Sanctuary | 3 | |
| Orb of Fire | 2 | |
20 total
team 2 (loser)
MrAnderson007 (
orange | 48 APM | 3384 actions | 71:00)
5 Dreadlord
1 Sleep
3 Vampiric Aura
1 Carrion Swarm
3 Death Knight
2 Death Coil
1 Unholy Aura
1 Lich
1 Frost Armor
» actions
| Assign group hotkey | 80 | |
| Basic commands | 105 | |
| Build / train | 157 | |
| Enter build submenu | 30 | |
| Enter hero's abilities submenu | 11 | |
| Give item / drop item | 9 | |
| Remove unit from queue | 5 | |
| Right click | 1066 | |
| Select / deselect | 520 | |
| Select group hotkey | 1224 | |
| Use ability | 177 | |
3384 total
» units
| Acolyte | 33 | |
| Ghoul | 5 | |
| Crypt Fiend | 10 | |
| Forest Troll Shadow Priest | 4 | |
| Frost Wyrm | 11 | |
| Ogre Mauler | 2 | |
| Meatwagon | 9 | |
| Obsidian Statue | 7 | |
81 total
» upgrades
| Creature Carapace | 3 | |
| Creature Attack | 3 | |
| Web | 1 | |
| Ghoul Frenzy | 1 | |
| Freezing Breath | 1 | |
| Disease Cloud | 1 | |
| Exhume Corpses | 1 | |
| Destroyer Form | 1 | |
12 total
» buildings
| Altar of Darkness | 2 | |
| Crypt | 2 | |
| Ziggurat | 23 | |
| Graveyard | 1 | |
| Tomb of Relics | 1 | |
| Nerubian Tower | 5 | |
| Halls of the Dead | 1 | |
| Black Citadel | 1 | |
| Sacrificial Pit | 1 | |
| Boneyard | 2 | |
| Spirit Tower | 12 | |
| Slaughterhouse | 2 | |
53 total
» build order
00:45 Altar of Darkness
00:49 Crypt
01:07 Ziggurat
01:28 Graveyard
01:42 Tomb of Relics
02:17 Nerubian Tower
02:33 Ziggurat
03:47 Halls of the Dead
06:16 Black Citadel
08:12 Ziggurat
08:15 Ziggurat
08:18 Ziggurat
08:26 Sacrificial Pit
11:36 Boneyard
11:41 Boneyard
14:04 Ziggurat
16:19 Ziggurat
16:22 Ziggurat
16:23 Ziggurat
20:54 Nerubian Tower
20:56 Spirit Tower
20:57 Spirit Tower
24:05 Spirit Tower
24:30 Spirit Tower
24:39 Slaughterhouse
42:14 Ziggurat
42:16 Ziggurat
42:17 Ziggurat
42:18 Ziggurat
42:20 Ziggurat
42:21 Ziggurat
42:22 Ziggurat
42:23 Ziggurat
42:24 Ziggurat
43:12 Spirit Tower
43:16 Nerubian Tower
43:17 Nerubian Tower
43:19 Spirit Tower
43:21 Spirit Tower
43:22 Spirit Tower
43:24 Spirit Tower
43:26 Spirit Tower
43:28 Spirit Tower
43:35 Ziggurat
43:38 Ziggurat
43:39 Ziggurat
43:40 Ziggurat
43:41 Ziggurat
44:41 Spirit Tower
53:53 Altar of Darkness
54:06 Nerubian Tower
55:11 Slaughterhouse
67:42 Crypt
» items
| Rod of Necromancy | 4 | |
| Scroll of Town Portal | 5 | |
| Potion of Healing | 4 | |
| Orb of Corruption | 1 | |
| Potion of Lesser Invulnerability | 2 | |
| Scroll of Healing | 10 | |
| Scroll of Protection | 2 | |
28 total
Chat log
(00:04 / All) BEAR_AND: howdy
(04:45 / All) BEAR_AND: hi
(04:48 / All) BEAR_AND: asl?
(04:50 / All) MrAnderson007: SUP
(07:49 / All) BEAR_AND: lmao
(08:00 / All) MrAnderson007: lol
(29:13 / All) BEAR_AND: LOL
(29:17 / All) BEAR_AND: LOL!!!!
(31:20 / All) MrAnderson007: gay
(31:23 / All) BEAR_AND: lmao
(31:30 / All) MrAnderson007: you are so fucking gay!!
(31:34 / All) BEAR_AND: hahahahahahaha
(33:26 / All) BEAR_AND: hahahaha
(36:51 / All) BEAR_AND: lolol
(36:58 / All) MrAnderson007: ???
(37:03 / All) BEAR_AND: you
(39:40 / All) BEAR_AND: hahhaha
(39:46 / All) MrAnderson007: ???
(39:50 / All) BEAR_AND: this ownage
(40:08 / All) MrAnderson007: HA HA HA HA HA HA
(40:16 / All) MrAnderson007: U FUNNY
(40:19 / All) BEAR_AND: jesus calm down
(41:49 / All) BEAR_AND: hohoho
(45:59 / All) BEAR_AND: gg
(46:01 / All) BEAR_AND: you lose
(46:03 / All) BEAR_AND: quit now
(46:38 / All) BEAR_AND: heroes only
(46:38 / All) BEAR_AND: lmao
(46:55 / All) BEAR_AND: you killed two towers hahahahah
(47:07 / All) MrAnderson007: YEAH YOUR ARMY FOOL
(47:10 / All) MrAnderson007: lol
(47:10 / All) BEAR_AND: what
(47:12 / All) BEAR_AND: i have no army
(47:13 / All) BEAR_AND: just heroes
(47:19 / All) MrAnderson007: yeah right
(47:26 / All) BEAR_AND: well 4 hawks
(47:27 / All) BEAR_AND: lol
(47:29 / All) BEAR_AND: 12 food of units
(49:02 / All) BEAR_AND: clan towa #1
(49:07 / All) BEAR_AND: http://highper.ch/ for more tower replays
(49:09 / All) BEAR_AND: thanks for watching
(49:56 / All) MrAnderson007: and time continues to BURN
(50:01 / All) BEAR_AND: huh
(50:34 / All) BEAR_AND: my god
(50:37 / All) BEAR_AND: you are a treat
(50:43 / All) MrAnderson007: so are u
(50:48 / All) BEAR_AND: you are so terrifically bad
(50:56 / All) MrAnderson007: i luve little nerd CUNTS like u
(51:01 / All) BEAR_AND: you like losing???
(51:07 / All) MrAnderson007: yep sure
(51:09 / All) BEAR_AND: you seem upset
(51:20 / All) MrAnderson007: what ever u say U LITTLE NERD CUNT!!
(51:23 / All) BEAR_AND: jhahahhahahaha
(51:31 / All) MrAnderson007: he he he he he
(52:16 / All) BEAR_AND: lmao
(53:10 / All) MrAnderson007: and time flies
(53:15 / All) BEAR_AND: they say
(53:18 / All) BEAR_AND: time is the fire
(53:21 / All) BEAR_AND: that burns in us all
(62:21 / All) BEAR_AND: where are you from?
(62:43 / All) MrAnderson007: just finish this Game already u Nerd :)
(62:53 / All) BEAR_AND: it's over already
(62:54 / All) BEAR_AND: you cannot win
(62:57 / All) BEAR_AND: i'll let you quit
(63:04 / All) MrAnderson007: then finish it already
(63:14 / All) BEAR_AND: i did
(63:16 / All) BEAR_AND: it's over
(63:17 / All) BEAR_AND: you lost
(63:24 / All) MrAnderson007: okay
(63:28 / All) MrAnderson007: nice game
(63:31 / All) BEAR_AND: owned
(63:44 / All) BEAR_AND: if you want to talk about how hard you were owned my phone number is 647 869 9830
(63:55 / All) BEAR_AND: maybe i give you some tips
(64:14 / All) MrAnderson007: im only kiiling time NERD- I have a life
(64:20 / All) BEAR_AND: lol
(64:26 / All) BEAR_AND: you have fun losing i guess
(64:37 / All) MrAnderson007: yep
(64:40 / All) BEAR_AND: personally i like to win things
(64:43 / All) MrAnderson007: just likking time
(65:06 / All) BEAR_AND: hahahaha
(65:07 / All) MrAnderson007: big bash tonight
(65:21 / All) BEAR_AND: sounds fun
(65:28 / All) BEAR_AND: are you gonna tell everyone how terrible you are at everything
(65:30 / All) BEAR_AND: or do they already know
(65:33 / All) MrAnderson007: can u just finish this stupid game already
(65:35 / All) MrAnderson007: thaks
(65:37 / All) BEAR_AND: bow to me
(65:39 / All) BEAR_AND: kiss my feet
(65:58 / All) MrAnderson007: you're worst tahn I taught
(66:01 / All) MrAnderson007: lol
(66:02 / All) BEAR_AND: "than" "thought"
(66:08 / All) MrAnderson007: What a FUCKING CUNT!
(66:10 / All) MrAnderson007: he he he
(66:14 / All) BEAR_AND: 647 869 9830
(66:18 / All) MrAnderson007: u really exist
(66:18 / All) BEAR_AND: my phone number
(66:25 / All) BEAR_AND: you seem extremely mad, let's talk, i'll calm you down
(66:28 / All) MrAnderson007: wow
(66:55 / All) MrAnderson007: i cant wait to tell everyone about people like U toghit
(67:08 / All) BEAR_AND: and how you spent an hour getting utterly embarrassed at an easy game
(67:11 / All) MrAnderson007: total Fucking NERD!!
(67:17 / All) MrAnderson007: he he he he he
(67:29 / All) BEAR_AND: mr anderson 007
(67:34 / All) BEAR_AND: do you like the matrix or james bond more
(68:10 / All) MrAnderson007: wow
(68:15 / All) MrAnderson007: what a LMAE Game
(68:18 / All) BEAR_AND: for you maybe
(68:21 / All) BEAR_AND: quit now
(68:21 / All) MrAnderson007: LAME
(68:23 / All) BEAR_AND: submit to me
(68:28 / All) BEAR_AND: i'm having a blast
(68:35 / All) BEAR_AND: absolutely murdering you with only heroes
(70:51 / All) MrAnderson007: Party time
(70:55 / All) BEAR_AND: leave
(70:55 / All) MrAnderson007: later NERD